 Dungeon Crawl Stone Soup version 0.20-a0-150-g0ef8409 (webtiles) character file.

23 CanadianGator the Shield-Bearer (level 3, -4/26 HPs)
             Began as an Octopode Fighter on Nov 22, 2016.
             Slain by Sigmund
             ... wielding a +3 scythe of pain
              (12 damage)
             ... on level 2 of the Dungeon.
             The game lasted 00:02:36 (863 turns).

CanadianGator the Shield-Bearer (Octopode Fighter)   Turns: 863, Time: 00:02:36

Health: -4/26      AC:  1    Str: 15    XL:     3   Next: 0%
Magic:  3/3        EV: 12    Int: 10    God:
Gold:   69         SH:  8    Dex: 12    Spells: 2/2 levels left

rFire  . . .     SeeInvis .       - Unarmed
rCold  . . .     Gourm    .     a - +0 shield
rNeg   . . .     Faith    .     (helmet restricted)
rPois  .         Spirit   .     (no amulet)
rElec  .         Reflect  .     (no ring)
rCorr  .         Harm     .     (no ring)
MR     .....                    (no ring)
Stlth  +++.......               (no ring)
                                (no ring)
                                (no ring)
                                (no ring)
                                (no ring)

@: no status effects
A: almost no armour, stealthy swim, amphibious, 8 rings, constrict 8, camouflage
1, gelatinous body 1
a: no special abilities


You were on level 2 of the Dungeon.
You were not hungry.

You visited 1 branch of the dungeon, and saw 2 of its levels.

You collected 69 gold pieces.

Inventory:

Armour
 a - a +0 shield (worn)
Scrolls
 e - a scroll of fear {unknown}
 g - a scroll of identify {unknown}
 h - 2 scrolls of amnesia {unknown}
 i - 2 scrolls of teleportation {unknown}
 m - a scroll of recharging {unknown}
Potions
 b - 2 potions of might
 d - a potion of brilliance {unknown}
 j - a potion of invisibility {unknown}
 k - a potion of degeneration {unknown}
Comestibles
 c - 2 bread rations
 f - a meat ration
 l - a slice of pizza


   Skills:
 + Level 3.1 Fighting
 * Level 3.2 Dodging
 + Level 1.1 Stealth
 * Level 3.2 Shields
 * Level 2.5 Unarmed Combat


You had 2 spell levels left.
You didn't know any spells.

Dungeon Overview and Level Annotations

Branches:
Dungeon (2/15)

Altars:

Annotations:
D:2 Sigmund


Innate Abilities, Weirdness & Mutations

You cannot wear most types of armour.
You are very stealthy in the water. (Stealth+)
You are amphibious.
You can wear up to eight rings at the same time.
You can use your tentacles to constrict eight enemies at once.
Your skin changes colour to match your surroundings (Stealth+).
Your rubbery body absorbs attacks. (AC +1, EV +1)


Message History

You swing at nothing.
Unknown command.
Found a royal jelly.
Sigmund shouts!
A bat comes into view.
Sigmund points at you and mumbles some strange words.
The puff of flame hits you!
You tentacle-slap Sigmund. You grab Sigmund. You squeeze Sigmund.
Sigmund is lightly wounded.
You constrict Sigmund.
Sigmund casts a spell.
Sigmund flickers and vanishes!
Deactivating autopickup; reactivate with Ctrl-A.
You tentacle-slap something but do no damage.
You constrict something. You block something's attack.
A bat comes into view.
You tentacle-slap something but do no damage.
You constrict something. The bat barely misses you.
You barely miss something. You constrict something. Something hits you!
You die...

#######.###.#####...
#...........# ....
#......)...## ....
#........).# .....
#..).......# ### ...
#....†.....##.. ..%
#..........#.. #.#
#..........#.####{b#
#..........#.#..@.#
########........b##
#.........#
#.........#
#.........#
#.........#
#.........#
#.....(...#
###########


You could see 2 bats.

Vanquished Creatures
  A ball python (D:1)
  2 giant cockroaches (D:1)
  5 goblins
  2 hobgoblins (D:1)
  3 kobolds (D:1)
  3 bats (D:1)
  3 frilled lizards
  2 rats
21 creatures vanquished.

Notes
Turn   | Place    | Note
-------+----------+-------------------------------------------
     0 | D:1      | CanadianGator the Octopode Fighter began the quest for the Orb.
     0 | D:1      | Reached XP level 1. HP: 16/16 MP: 1/1
   195 | D:1      | Reached XP level 2. HP: 20/21 MP: 2/2
   357 | D:1      | Reached skill level 1 in Stealth
   847 | D:2      | Reached XP level 3. HP: 15/26 MP: 3/3
   855 | D:2      | Noticed Sigmund
   863 | D:2      | Slain by Sigmund

Vault maps used:
D:1:      dpeg_arrival_signposts, minmay_strange_pillars
D:2:      zin_academy, first_bread, chequers_ecumenical_altar_lobes,
          uniq_sigmund

Skill      XL: |  1  2 |
---------------+-------+-----
Stealth        | 1 |  1.1
Fighting       | |  3.1
Dodging        | |  3.2
Shields        | |  3.2
Unarmed Combat | |  2.5

Action                   || total
-------------------------++-------
Melee: Unarmed           ||    52
       Constrict         ||    15
       Tentacles         ||     9
       Punch             ||     1
 Stab: Sleeping          ||     7
Dodge: Dodged            ||    20
Block: Shield            ||    17
